 Dungeon Crawl Stone Soup version 0.28-a0-1613-gdaab1c2f9b (webtiles) character file.

Game seed: 16888822730704753897

2233 HallandMoats the Skirmisher (level 9, 0/73 HPs)
             Began as a Demonspawn Fighter on Jan 21, 2022.
             Was a Follower of Ashenzari.
             Slain by a deep troll (17 damage)
             ... on level 6 of the Dungeon.
             The game lasted 00:08:31 (7907 turns).

HallandMoats the Skirmisher (Demonspawn Fighter)    Turns: 7907, Time: 00:08:31

Health: 0/73       AC: 17    Str: 23    XL:     9   Next: 14%
Magic:  12/12      EV: 25    Int: 12    God:    Ashenzari [*.....]
Gold:   84         SH:  6    Dex: 18    Spells: 8/8 levels left

rFire   + . .      SeeInvis .   n - +2 dagger (venom)
rCold   . . .      Faith    .   c - +0 buckler of Supernal Knowledge {Cun, Self} (curse)
rNeg    . . .      Spirit   .   y - +1 chain mail "Ihostu Sejen" {Rampage +Blink Int+2 Dex+2}
rPois   .          Reflect  .   (no helmet)
rElec   .          Harm     .   o - +0 cloak "Enigmatic Incredulity" {Melee, Elem} (curse)
rCorr   .          Rampage  +   (no gloves)
Will    .....                   (no boots)
Stlth   ..........              q - amulet of the acrobat
HPRegen 0.22/turn               j - +6 ring of strength
MPRegen 0.13/turn               m - ring of Arghuize {Wiz rF+}

@: sanguine armoured, acrobatic
A: claws 2, powered by pain 2, sanguine armour 1
a: Renounce Religion, Evoke Blink, Curse Item, Shatter the Chains


You were on level 6 of the Dungeon.
You worshipped Ashenzari.
Ashenzari was aware of your devotion.
You visited 1 branch of the dungeon, and saw 7 of its levels.

You collected 321 gold pieces.
You spent 237 gold pieces at shops.

Inventory:

Hand Weapons
 a - a +0 war axe
 f - a +2 antimagic spear
 n - a +2 dagger of venom (weapon)
Armour
 c - the cursed +0 buckler of Supernal Knowledge (worn) {Cun, Self}

   It has a curse which improves the following skills: Cunning: Dodging and
   Stealth.
   Introspection: Fighting and Spellcasting.
 o - the cursed +0 cloak "Enigmatic Incredulity" (worn) {Melee, Elem}
   (You found it on level 3 of the Dungeon)

   It has a curse which improves the following skills: Melee Combat: Short
   Blades, Long Blades, Axes, Maces & Flails, Polearms, Staves and Unarmed
   Combat.
   Elements:  Fire Magic, Ice Magic, Air Magic and Earth Magic.
 y - the +1 chain mail "Ihostu Sejen" (worn) {Rampage +Blink Int+2 Dex+2}
   (You bought it in a shop on level 4 of the Dungeon)

   Int:       It affects your intelligence (+2).
   Dex:       It affects your dexterity (+2).
   +Blink:    It lets you blink.
   Rampage:   It bestows one free step when moving towards enemies.
Jewellery
 j - a +6 ring of strength (left claw)
 m - the ring of Arghuize (right claw) {Wiz rF+}
   (You found it on level 2 of the Dungeon)

   [ring of wizardry]

   It improves your spell success rate.
   rF:        It protects you from fire.
 q - an amulet of the acrobat (around neck)
Wands
 b - a wand of iceblast (12)
 i - a wand of flame (15)
 t - a wand of polymorph (9)
 v - a wand of paralysis (10)
 w - a wand of charming (6)
Scrolls
 e - 2 scrolls of immolation
 g - 3 scrolls of identify
 k - a scroll of enchant weapon
 r - a scroll of silence
 s - a scroll of teleportation
 u - a scroll of fog
 x - a scroll of magic mapping
 B - a scroll of blinking
 C - a scroll of summoning
Potions
 d - 2 potions of might
 h - 2 potions of flight
 p - a potion of cancellation
 z - 2 potions of resistance
 A - a potion of ambrosia


   Skills:
 * Level 6.8(7.7) Fighting
 * Level 5.9(6.8) Axes
 + Level 4.7 Armour
 + Level 3.4(4.2) Dodging
 + Level 4.6 Shields
 + Level 5.3 Invocations


You had 8 spell levels left.
You didn't know any spells.
Your spell library contained the following spells:

 Spells                   Type           Power      Damage    Failure   Level
 Sandblast                Erth           0%         2d4       73%         1
 Passwall                 Tmut/Erth      0%         N/A       86%         2
 Ignite Poison            Fire/Tmut/Pois 0%         N/A       97%         3
 Mephitic Cloud           Conj/Pois/Air  0%         N/A       97%         3
 Stone Arrow              Conj/Erth      0%         3d7       97%         3
 Olgreb's Toxic Radiance  Pois           0%         N/A       100%        4
 Freezing Cloud           Conj/Ice/Air   0%         6-21      100%        5
 Ozocubu's Refrigeration  Ice            0%         4d5       100%        7
 Ignition                 Fire           0%         3d3       100%        8
 Chain Lightning          Conj/Air       0%         N/A       100%        9
 Fire Storm               Conj/Fire      0%         5d1       100%        9
 Shatter                  Erth           0%         3d5*      100%        9


Dungeon Overview and Level Annotations

Branches:
Dungeon (7/15)             Temple (0/1) D:6

Altars:
Ashenzari
Elyvilon
Nemelex Xobeh

Shops:
D:3 =   D:4 [


Innate Abilities, Weirdness & Mutations

You have very sharp fingernails.
You sometimes gain power by taking damage.
When seriously injured, your blood forms armour. (AC +6)


Message History

No target in view!
No target in view!
No target in view!
A deep troll comes into view.
A deep troll is nearby!
A deep troll is nearby!
A deep troll is nearby!
A deep troll is nearby! 2 deep trolls come into view.
The deep troll shouts! x2
You rampage towards the deep troll!
A deep troll comes into view.
You hit the deep troll.
The deep troll is poisoned.
The deep troll is lightly wounded.
The deep troll completely misses you. The deep troll claws you.
The deep troll claws you!
You hit the deep troll but do no damage.
The deep troll looks as sick as possible!
The deep troll is lightly wounded.
The deep troll bites you! The deep troll barely misses you.
You block the deep troll's attack.
You hit the deep troll.
The deep troll looks as sick as possible!
The deep troll is lightly wounded.
The deep troll bites you!!
Your blood congeals into armour.
The deep troll barely misses you. The deep troll claws you.
You hit the deep troll.
The deep troll is moderately wounded.
The deep troll bites you!
* * * LOW HITPOINT WARNING * * *
The deep troll barely misses you. The deep troll claws you!
* * * LOW HITPOINT WARNING * * *
There is a stone staircase leading up here.
The deep troll barely misses you.
The deep troll claws you but does no damage.
You block the deep troll's attack.
You climb upwards.
There is a stone staircase leading down here.
The deep troll bites you!
You die...

# ## ### #### .########### ##.#
##... ...........######>.# ##....
................@T## #.....
..................## #.....
#.####.............## #..... #.##
######.........# #..... ...#
###...#...## #..... ...##
##.........## ##..... ....##
##...........# #....[. .##..##
##............## #......
####..###..............#####.....


You could see a deep troll.

Vanquished Creatures
  2 water moccasins (D:7)
  An orc warrior (D:5)
  An ice beast (D:6)
  A black bear (D:6)
  A sky beast (D:6)
  2 ogres (D:5)
  2 centaurs
  A phantom (D:5)
  2 bullfrogs
  3 scorpions
  A water moccasin zombie (D:5)
  A water moccasin skeleton (D:5)
  A bullfrog zombie (D:5)
  A howler monkey (D:5)
  2 jellies
  2 centaur zombies (D:6)
  2 hounds
  An orc priest (D:4)
  2 bullfrog skeletons
  Ijyb (D:5)
  6 orc wizards
  A scorpion zombie (D:5)
  12 adders
  3 gnolls (D:5)
  A shadow imp (D:5)
  An ufetubus (D:6)
  A worm (D:2)
  3 dart slugs
  25 orcs
  3 ball pythons
  3 bats (D:2)
  11 endoplasms
  15 giant cockroaches
  7 goblins
  6 hobgoblins
  7 jackals
  4 quokkas
  2 frilled lizards
  6 kobolds
  5 rats
152 creatures vanquished.

Vanquished Creatures (others)
  2 demonic plants (D:1)
  2 fungi (D:1)
  2 plants (D:1)
  A withered plant (D:1)
7 creatures vanquished.

Grand Total: 159 creatures vanquished

Notes
Turn   | Place    | Note
-------+----------+-------------------------------------------
     0 | D:1      | HallandMoats the Demonspawn Fighter began the quest for the
                  | Orb.
     0 | D:1      | Reached XP level 1. HP: 18/18 MP: 1/1
    90 | D:1      | Gained mutation: When seriously injured, your blood forms
                  | armour. (AC +6) [demonic ancestry]
    90 | D:1      | Reached XP level 2. HP: 24/24 MP: 0/2
   129 | D:1      | Found a faded altar of an unknown god.
   137 | D:1      | Prayed at the altar of an unknown god.
   137 | D:1      | Became a worshipper of Ashenzari the Shackled
   759 | D:2      | Reached XP level 3. HP: 22/30 MP: 1/3
   979 | D:2      | Reached skill level 1 in Invocations
  1081 | D:2      | Identified the ring of Arghuize {Wiz rF+}
  1486 | D:2      | Reached XP level 4. HP: 27/37 MP: 4/4
  2002 | D:3      | Reached * piety under Ashenzari
  2052 | D:3      | Found Inudeat's Jewellery Shoppe.
  2063 | D:3      | Reached skill level 1 in Dodging
  2155 | D:3      | Noticed a scorpion
  2164 | D:3      | Killed a scorpion
  2165 | D:3      | Reached skill level 4 in Fighting
  2165 | D:3      | Gained mutation: You have sharp fingernails. [demonic
                  | ancestry]
  2165 | D:3      | Reached XP level 5. HP: 37/43 MP: 6/6
  2439 | D:3      | Found a sparkling altar of Nemelex Xobeh.
  2820 | D:4      | Found Futsutt's Antique Armour Shop.
  2993 | D:4      | Reached XP level 6. HP: 34/51 MP: 7/7
  4069 | D:5      | Entered Level 5 of the Dungeon
  4116 | D:5      | Gained mutation: You have very sharp fingernails. [demonic
                  | ancestry]
  4116 | D:5      | Reached XP level 7. HP: 55/57 MP: 9/9
  4222 | D:5      | Reached skill level 5 in Fighting
  5431 | D:5      | Noticed Ijyb
  5460 | D:5      | Gained mutation: You sometimes gain a little power by
                  | taking damage. [demonic ancestry]
  5460 | D:5      | Reached XP level 8. HP: 23/65 MP: 10/10
  5473 | D:5      | Killed Ijyb
  5491 | D:5      | Reached skill level 5 in Axes
  5501 | D:5      | Reached skill level 6 in Fighting
  6325 | D:4      | Bought a smouldering chain mail for 237 gold pieces
  6325 | D:4      | Identified the +1 chain mail "Ihostu Sejen" {Rampage +Blink
                  | Int+2 Dex+2} (You bought it in a shop on level 4 of the
                  | Dungeon)
  7050 | D:6      | Found a staircase to the Ecumenical Temple.
  7415 | D:6      | Reached skill level 5 in Invocations
  7654 | D:7      | Gained mutation: You sometimes gain power by taking damage.
                  | [demonic ancestry]
  7654 | D:7      | Reached XP level 9. HP: 67/72 MP: 12/12
  7869 | D:7      | Noticed a deep troll
  7871 | D:7      | Noticed a deep troll
  7871 | D:7      | Noticed a deep troll
  7872 | D:7      | Noticed a deep troll
  7907 | D:6      | Slain by a deep troll

Illustrated notes

Levels and vault maps discovered:
D:1:      wander_arrival_chamber, layout_rooms, shapermc_ecumenical_altar_gd,
          dk_noncrumbling_4, minmay_tiny_reverse_x
D:2:      layout_basic
D:3:      minmay_roachtagon, layout_basic, mainiacjoe_overflow_cross_hatched,
          serial_shops, shop
D:4:      layout_gridville, serial_shops, nicolae_stop_n_shop_1
D:5:      layout_layer_cave, chequers_serial_rivers_large_a, abandoned_shop,
          minmay_ruined_shrine, uniq_ijyb
D:6:      layout_cave_pods, minmay_temple_entry_butterflies, serial_park,
          serial_park_paths [serial_park_minivault_5x5_6], serial_park_square2,
          serial_park_tiny_1, serial_park_tiny_2
D:7:      layout_loops_ring, nicolae_shop_fire_sale [nicolae_sub_dead_trees],
          hellmonk_guarded_unrand_vitality_bloodlust

Skill      XL: |  1  2  3  4  5  6  7  8 |
---------------+-------------------------+-----
Axes           | 2 3 4 5 |  5.9
Invocations    | 1 2 3 5 |  5.3
Armour         | 3 4 |  4.7
Shields        | 3 4 |  4.6
Dodging        | 1 2 3 |  3.4
Fighting       | 4 5 6 |  6.8

Action                   |  1- 3 |  4- 6 |  7- 9 || total
-------------------------+-------+-------+-------++-------
Melee: War axe           |    10 |       |       ||    10
       Spear             |    94 |       |       ||    94
       Dagger            |    19 |   212 |   329 ||   560
Invok: Curse Item        |     1 |     1 |       ||     2
  Use: Potion            |       |       |     4 ||     4
Armor: Scale mail        |    39 |    84 |    99 ||   222
       Chain mail        |       |       |   115 ||   115
Dodge: Dodged            |    41 |    99 |   143 ||   283
Block: Buckler           |    29 |    65 |   105 ||   199

Table legend: (Time is in decaauts)
 A = Elapsed time spent in this place.
 B = Non-inter-level travel time spent in this place.
 C = Inter-level travel time spent in this place.
 D = Time resting spent in this place.
 E = Time spent auto-exploring this place.
 F = Levels seen in this place.
 G = Mean time per level.
                   A        B        C        D        E       F      G
               +--------+--------+--------+--------+--------+-----+--------+
         Total |   7950 |   7783 |    167 |    301 |   6291 |   7 | 1135.7 |
       Dungeon |   7950 |   7783 |    167 |    301 |   6291 |   7 | 1135.7 |
               +--------+--------+--------+--------+--------+-----+--------+

Top non-repeatable levels by time:
     D:5: 2288 daAuts
     D:4: 1291 daAuts
     D:6: 1226 daAuts
     D:2: 1054 daAuts
     D:3: 1012 daAuts
     D:1: 751 daAuts
     D:7: 324 daAuts
